 Dungeon Crawl Stone Soup version 0.18-a0-1745-gffa9a88 (webtiles) character file.

48 dobroeutro the Covered (level 3, -1/23 HPs)
             Began as a Gargoyle Fighter on Apr 11, 2016.
             Killed from afar by Sigmund (2 damage)
             ... with a puff of flame
             ... on level 2 of the Dungeon.
             The game lasted 00:01:55 (678 turns).

dobroeutro the Covered (Gargoyle Fighter)            Turns: 678, Time: 00:01:57

Health: -1/23      AC: 10    Str: 20    XL:     3   Next: 72%
Magic:  3/3        EV:  7    Int:  8    God:
Gold:   16         SH:  9    Dex:  9    Spells: 0 memorised, 2 levels left

rFire  + . .     SeeInvis .     h - +2 whip (elec)
rCold  + . .     Gourm    .     b - +0 scale mail
rNeg   + . .     Faith    .     c - +0 shield
rPois  ∞         Spirit   .     (no helmet)
rElec  +         Dismiss  .     (no cloak)
rCorr  +         Reflect  .     (no gloves)
SustAt .         Harm     .     (no boots)
MR     .....                    (no amulet)
Stlth  +.........               (no ring)
                                l - ring of stealth

@: resistant, not resistant to hostile enchantments, very unstealthy
A: negative energy resistance 1, electricity resistance, unbreathing,
petrification resistance, rot immunity, AC +3
a: no special abilities


You were on level 2 of the Dungeon.
You were not hungry.

You visited 1 branch of the dungeon, and saw 2 of its levels.

You collected 16 gold pieces.

Inventory:

Hand Weapons
 a - a +0 flail
 h - a +2 whip of electrocution (weapon)
Armour
 b - a +0 scale mail (worn)
 c - a +0 shield (worn)
Jewellery
 l - a ring of stealth (left hand)
Scrolls
 e - 4 scrolls of remove curse {unknown}
 i - a scroll of immolation {unknown}
Potions
 d - a potion of might
Comestibles
 f - a bread ration


   Skills:
 + Level 3.6 Fighting
 + Level 2.4 Maces & Flails
 + Level 3.9 Armour
 + Level 3.9 Shields


You had 2 spell levels left.
You didn't know any spells.

Dungeon Overview and Level Annotations

Branches:
Dungeon (2/15)

Altars:
Kikubaaqudgha

Annotations:
D:2 Sigmund


Innate Abilities, Weirdness & Mutations

You are resistant to torment.
Your stone body is resilient (AC +3).
You are immune to poison.
You resist negative energy.
You are resistant to electric shocks.
You can survive without breathing.
You are immune to petrification.
You are immune to rotting.


Message History

You barely miss something. You block something's attack.
You barely miss something. You hit something.
Sigmund appears from thin air!
Reactivating autopickup.
Sigmund gestures at you while chanting. You resist with significant effort.
Your shield prevents you from hitting Sigmund.
Sigmund is moderately wounded.
Sigmund screams, "Die, monster!"
Sigmund gestures wildly while chanting.
Sigmund flickers and vanishes!
Deactivating autopickup; reactivate with Ctrl-A.
Something hits you.
* * * LOW HITPOINT WARNING * * *
You hit something.
There is a sudden explosion of sparks!
You hit something.
You hear some strange, mumbled words.
A puff of flame appears from out of thin air!
The puff of flame hits you! You resist.
You die...

######....##....#
........⌠....._.#
...####..≈≈...≈.#
.. #.≈≈≈≈≈≈..#
...####.≈≈≈≈≈..#
.........≈≈≈...##
..(......≈≈≈≈...#
######.).≈≈...⌠..
.......{@........
###.#.#..#######.
.. #....# ##
###.## ... ##+#


There were no monsters in sight!

Vanquished Creatures
  Terence (D:2)
  4 hobgoblins (D:1)
  A ball python (D:1)
  2 bats (D:1)
  A giant newt (D:1)
  3 goblins (D:1)
  7 kobolds (D:1)
  4 rats
23 creatures vanquished.

Notes
Turn   | Place    | Note
--------------------------------------------------------------
     0 | D:1      | dobroeutro the Gargoyle Fighter began the quest for the Orb.
     0 | D:1      | Reached XP level 1. HP: 14/14 MP: 1/1
   187 | D:1      | Reached XP level 2. HP: 19/19 MP: 2/2
   636 | D:2      | Found an ancient bone altar of Kikubaaqudgha.
   642 | D:2      | Noticed Terence
   646 | D:2      | Noticed Sigmund
   655 | D:2      | Killed Terence
   655 | D:2      | Reached XP level 3. HP: 20/23 MP: 3/3
   664 | D:2      | HP: 1/23 [something (2)]
   676 | D:2      | HP: 1/23 [something (3)]
   678 | D:2      | Killed from afar by Sigmund

Vault maps used:
D:1:      matt_arrival_grand_opening, minmay_misc_feat_four_crosses,
          minmay_misc_feat_diagonals, solitary_fountain
D:2:      kiku_gazebo_pond_becter, old_standard_altar, grunt_decor_arrowhead,
          uniq_crazy_yiuf_cottage, uniq_sigmund, uniq_terence

Action                   || total
-------------------------++-------
Melee: Whip              ||    83
  Use: Potion            ||     3
